| TOP OF THE 1ST |
|
Palm Beach Nationals batting - Pitching for Tijuana Toros : RHP Kevin Fleming
|
|
Pitching: RHP Kevin Fleming
|
|
|
Batting: RHB Bobby Bricker
|
0-0: Ball 1-0: Fly out, F9 (Flyball, 9LM, EV 86.9 MPH)
|
|
Batting: RHB Victor Cintron
|
0-0: Ball 1-0: Foul Ball, location: 2F 1-1: Ball 2-1: Foul Ball, location: 2F 2-2: Strikes out looking
|
|
Batting: RHB Lamar Thornton
|
0-0: Ball 1-0: Foul Ball, location: 2F 1-1: Ground out 6-3 (Groundball, 6, EV 81.3 MPH)
|
| Top of the 1st over - 0 runs, 0 hits, 0 errors, 0 left on base; Palm Beach 0 - Tijuana 0 |
| BOTTOM OF THE 1ST |
|
Tijuana Toros batting - Pitching for Palm Beach Nationals : RHP John Kovach
|
|
Pitching: RHP John Kovach
|
|
|
Batting: RHB Theo Schepers
|
0-0: Ball 1-0: Swinging Strike 1-1: Swinging Strike 1-2: Foul Ball, location: 2F 1-2: DOUBLE (Flyball, 9LM, EV 108.1 MPH)
|
|
Batting: RHB Chad Rojas
|
0-0: Ball 1-0: Fly out, F9 (Line Drive, 9, EV 90.6 MPH)
|
|
Batting: LHB Steve Pond
|
0-0: Ball 1-0: Ground out 1-3 (Groundball, 15S, EV 62.5 MPH)
|
|
Batting: LHB Nate Kee
|
0-0: Called Strike 0-1: Fly out, F7 (Flyball, 7D, EV 88.1 MPH)
|
| Bottom of the 1st over - 0 runs, 1 hit, 0 errors, 1 left on base; Palm Beach 0 - Tijuana 0 |
| TOP OF THE 2ND |
|
Palm Beach Nationals batting - Pitching for Tijuana Toros : RHP Kevin Fleming
|
|
Batting: RHB Gabe Almazan
|
0-0: Called Strike 0-1: Ball 1-1: Called Strike 1-2: Fly out, F5 (Popup, 5SF, EV 90.6 MPH)
|
|
Batting: RHB Chad Madsen
|
0-0: Ball 1-0: Called Strike 1-1: Foul Ball, location: 2F 1-2: Strikes out swinging, 2-3 out at first.
|
|
Batting: RHB Antonio Vallez
|
0-0: Swinging Strike 0-1: Ball 1-1: Called Strike 1-2: Foul Ball, location: 2F 1-2: Ball 2-2: Strikes out swinging
|
| Top of the 2nd over - 0 runs, 0 hits, 0 errors, 0 left on base; Palm Beach 0 - Tijuana 0 |
| BOTTOM OF THE 2ND |
|
Tijuana Toros batting - Pitching for Palm Beach Nationals : RHP John Kovach
|
|
Batting: RHB Pat Adams
|
0-0: Ball 1-0: Foul Ball, location: 2F 1-1: Ground out 6-3 (Groundball, 6, EV 84.4 MPH)
|
|
Batting: RHB Joe Bower
|
0-0: Ball 1-0: Foul Ball, location: 2F 1-1: Ball 2-1: Ball 3-1: Base on Balls
|
|
Batting: RHB David Watkins
|
0-0: Called Strike 0-1: Ball 1-1: Ball 2-1: Foul Ball, location: 2F 2-2: Foul Ball, location: 2F 2-2: Foul Ball, location: 2F 2-2: Grounds into double play, 6-4-3 (Groundball, 6, EV 93.8 MPH)
|
| Bottom of the 2nd over - 0 runs, 0 hits, 0 errors, 0 left on base; Palm Beach 0 - Tijuana 0 |
| TOP OF THE 3RD |
|
Palm Beach Nationals batting - Pitching for Tijuana Toros : RHP Kevin Fleming
|
|
Pitching: RHP Jordan Amaker
|
|
|
Batting: RHB Justin Davenport
|
0-0: Called Strike 0-1: Ball 1-1: Foul Ball, location: 2F 1-2: Strikes out swinging
|
|
Batting: RHB Scott Merritt
|
0-0: Ball 1-0: Called Strike 1-1: Ball 2-1: Ball 3-1: Foul Ball, location: 2F 3-2: Fly out, F4 (Popup, 34, EV 71.9 MPH)
|
|
Batting: RHB Dave Burwell
|
0-0: SINGLE (Groundball, 56D, EV 99.4 MPH)
|
|
Batting: RHB Bobby Bricker
|
0-0: Called Strike 0-1: Ball 1-1: Foul Ball, location: 2F 1-2: Strikes out swinging
|
| Top of the 3rd over - 0 runs, 1 hit, 0 errors, 1 left on base; Palm Beach 0 - Tijuana 0 |
| BOTTOM OF THE 3RD |
|
Tijuana Toros batting - Pitching for Palm Beach Nationals : RHP John Kovach
|
|
Batting: SHB Shane Marcum
|
0-0: Ball 1-0: Swinging Strike 1-1: Foul Ball, location: 2F 1-2: SINGLE (Groundball, 4M, EV 105.6 MPH) (infield hit)
|
|
Batting: RHB Mike Kaczor
|
0-0: Ball 1-0: Fly out, F3 (Popup, 23F, EV 84.4 MPH)
|
|
Batting: RHB Theo Schepers
|
0-0: Ball 1-0: SINGLE (Flyball, 6D, EV 91.9 MPH) Shane Marcum to second
|
|
Batting: RHB Chad Rojas
|
0-0: Called Strike 0-1: Ball 1-1: Fly out, F8 (Flyball, 8RM, EV 75.0 MPH)
|
|
Batting: LHB Steve Pond
|
0-0: DOUBLE (Flyball, 78D, EV 107.5 MPH) Shane Marcum scores Theo Schepers to third
|
|
Batting: LHB Nate Kee
|
0-0: SINGLE (Line Drive, 9LS, EV 90.6 MPH) Theo Schepers scores Steve Pond to third Runner from 3rd tries for Home, SAFE, throw by RF to home
|
|
Batting: RHB Pat Adams
|
0-0: Ball 1-0: Fly out, F7 (Flyball, 7D, EV 107.5 MPH)
|
| Bottom of the 3rd over - 3 runs, 4 hits, 0 errors, 1 left on base; Palm Beach 0 - Tijuana 3 |
| TOP OF THE 4TH |
|
Palm Beach Nationals batting - Pitching for Tijuana Toros : RHP Jordan Amaker
|
|
Batting: RHB Victor Cintron
|
0-0: Ball 1-0: Foul Ball, location: 2F 1-1: Ball 2-1: SINGLE (Groundball, P, EV 89.4 MPH) (infield hit)
|
|
Batting: RHB Lamar Thornton
|
0-0: Ball 1-0: Ball Wild Pitch! Victor Cintron to second Balk! Victor Cintron to third 2-0: Ball 3-0: Base on Balls
|
|
Batting: RHB Gabe Almazan
|
0-0: Swinging Strike 0-1: Ball 1-1: Swinging Strike 1-2: Strikes out swinging
|
|
Batting: RHB Chad Madsen
|
0-0: Swinging Strike 0-1: Foul Ball, location: 2F 0-2: Ball 1-2: Ball 2-2: Fly out, F8 (Flyball, 89D, EV 98.8 MPH) Runner from 3rd tags up, SCORES, throw by CF
|
|
Batting: RHB Antonio Vallez
|
0-0: Ball 1-0: Swinging Strike 1-1: Ball 2-1: Foul Ball, location: 2F 2-2: Foul Ball, location: 2F 2-2: Strikes out swinging
|
| Top of the 4th over - 1 run, 1 hit, 0 errors, 1 left on base; Palm Beach 1 - Tijuana 3 |
| BOTTOM OF THE 4TH |
|
Tijuana Toros batting - Pitching for Palm Beach Nationals : RHP John Kovach
|
|
Batting: RHB Joe Bower
|
0-0: Called Strike 0-1: Ball 1-1: Called Strike 1-2: Foul Ball, location: 2F 1-2: Foul Ball, location: 2F 1-2: Ball 2-2: Ball 3-2: Foul Ball, location: 2F 3-2: Strikes out swinging
|
|
Batting: RHB David Watkins
|
0-0: SINGLE (Groundball, 6D, EV 99.4 MPH)
|
|
Batting: SHB Shane Marcum
|
0-0: Called Strike 0-1: Ball 1-1: Ball 2-1: Ball 3-1: Fielders Choice at 2nd, 3-6 (Groundball, 34S, EV 77.5 MPH)
|
|
Batting: RHB Mike Kaczor
|
0-0: Ball Shane Marcum is caught stealing 2nd base 2-4
|
| Bottom of the 4th over - 0 runs, 1 hit, 0 errors, 0 left on base; Palm Beach 1 - Tijuana 3 |
| TOP OF THE 5TH |
|
Palm Beach Nationals batting - Pitching for Tijuana Toros : RHP Jordan Amaker
|
|
Batting: RHB Justin Davenport
|
0-0: Foul Ball, location: 2F 0-1: Swinging Strike 0-2: Ball 1-2: Foul Ball, location: 2F 1-2: Strikes out swinging
|
|
Pitching: RHP Balinda Msrah
|
|
|
Batting: RHB Scott Merritt
|
0-0: Fly out, F9 (Flyball, 9D, EV 96.9 MPH)
|
|
Batting: RHB Dave Burwell
|
0-0: Ball 1-0: Ground out 6-3 (Groundball, 6, EV 85.6 MPH)
|
| Top of the 5th over - 0 runs, 0 hits, 0 errors, 0 left on base; Palm Beach 1 - Tijuana 3 |
| BOTTOM OF THE 5TH |
|
Tijuana Toros batting - Pitching for Palm Beach Nationals : RHP John Kovach
|
|
Batting: RHB Mike Kaczor
|
0-0: Ball 1-0: SINGLE (Line Drive, 89S, EV 107.5 MPH)
|
|
Batting: RHB Theo Schepers
|
0-0: Ball 1-0: Ball 2-0: Ball 3-0: Base on Balls Mike Kaczor to second
|
|
Batting: RHB Chad Rojas
|
0-0: Ball 1-0: Called Strike 1-1: Ball 2-1: SINGLE (Flyball, 8LS, EV 92.5 MPH) Mike Kaczor to third Theo Schepers to second
|
|
Batting: LHB Steve Pond
|
0-0: Called Strike 0-1: Ball 1-1: Ball 2-1: Ball 3-1: Foul Ball, location: 2F 3-2: Foul Ball, location: 2F 3-2: Fly out, F3 (Line Drive, 3, EV 65.0 MPH)
|
|
Batting: LHB Nate Kee
|
0-0: Foul Ball, location: 2F 0-1: Ball 1-1: Swinging Strike 1-2: Strikes out looking
|
|
Batting: RHB Pat Adams
|
0-0: TRIPLE (Line Drive, 78XD, EV 99.4 MPH) Mike Kaczor scores Theo Schepers scores Chad Rojas scores
|
|
Batting: RHB Joe Bower
|
0-0: Called Strike 0-1: Ball 1-1: Called Strike 1-2: Fly out, F9 (Line Drive, 9, EV 111.3 MPH)
|
| Bottom of the 5th over - 3 runs, 3 hits, 0 errors, 1 left on base; Palm Beach 1 - Tijuana 6 |
| TOP OF THE 6TH |
|
Palm Beach Nationals batting - Pitching for Tijuana Toros : RHP Balinda Msrah
|
|
Batting: RHB Bobby Bricker
|
0-0: Called Strike 0-1: Swinging Strike 0-2: Foul Ball, location: 2F 0-2: Ball 1-2: Fly out, F8 (Flyball, 8RD, EV 88.8 MPH)
|
|
Batting: RHB Victor Cintron
|
0-0: Ball 1-0: Ball 2-0: Foul Ball, location: 2F 2-1: Foul Ball, location: 2F 2-2: Strikes out swinging
|
|
Batting: RHB Lamar Thornton
|
0-0: Called Strike 0-1: Swinging Strike 0-2: Strikes out swinging
|
| Top of the 6th over - 0 runs, 0 hits, 0 errors, 0 left on base; Palm Beach 1 - Tijuana 6 |
| BOTTOM OF THE 6TH |
|
Tijuana Toros batting - Pitching for Palm Beach Nationals : RHP John Kovach
|
|
Batting: RHB David Watkins
|
0-0: Ball 1-0: Ball 2-0: Swinging Strike 2-1: Ball 3-1: Called Strike 3-2: Base on Balls
|
|
Batting: SHB Shane Marcum
|
0-0: Ball 1-0: Ball 2-0: Called Strike 2-1: Swinging Strike 2-2: Foul Ball, location: 2F 2-2: Foul Ball, location: 2F 2-2: Ball 3-2: Base on Balls David Watkins to second
|
|
Pitching: RHP Kiyonaga Nakamura
|
|
|
Batting: RHB Mike Kaczor
|
0-0: Foul Ball, location: 2F 0-1: Ball 1-1: Ball 2-1: Ball 3-1: Foul Ball, location: 2F 3-2: Base on Balls David Watkins to third Shane Marcum to second
|
|
Batting: RHB Theo Schepers
|
0-0: Fly out, F8 (Flyball, 8RD, EV 92.5 MPH) Runner from 3rd tags up, SCORES, throw by CF
|
|
Batting: RHB Chad Rojas
|
0-0: Swinging Strike 0-1: Fly out, F7 (Flyball, 78S, EV 80.0 MPH)
|
|
Batting: LHB Steve Pond
|
0-0: Ball 1-0: Fly out, F7 (Flyball, 78S, EV 89.4 MPH)
|
| Bottom of the 6th over - 1 run, 0 hits, 0 errors, 2 left on base; Palm Beach 1 - Tijuana 7 |
| TOP OF THE 7TH |
|
Palm Beach Nationals batting - Pitching for Tijuana Toros : RHP Balinda Msrah
|
|
Batting: RHB Gabe Almazan
|
0-0: Reached via error on a dropped throw from 1B, E1 (Groundball, 34S, EV 77.5 MPH)
|
|
Batting: RHB Chad Madsen
|
0-0: Ball 1-0: SINGLE (Line Drive, 6M, EV 105.0 MPH) Gabe Almazan to second
|
|
Batting: RHB Antonio Vallez
|
0-0: Ball 1-0: Fielders Choice at 2nd, 3-6 (Groundball, 34S, EV 91.9 MPH) Gabe Almazan to third
|
|
Batting: RHB Steve Bauman
|
0-0: Ball 1-0: Called Strike 1-1: Swinging Strike 1-2: Ball 2-2: Fly out, F7 (Flyball, 7LS, EV 86.9 MPH)
|
|
Batting: RHB Scott Merritt
|
0-0: Ball 1-0: Ball 2-0: Called Strike 2-1: Ball 3-1: Called Strike 3-2: Base on Balls Antonio Vallez to second
|
|
Batting: RHB Dave Burwell
|
0-0: SINGLE (Groundball, 25, EV 65.6 MPH) (infield hit) Gabe Almazan scores Antonio Vallez to third Scott Merritt to second
|
|
Batting: RHB Bobby Bricker
|
0-0: Called Strike 0-1: Fielders Choice at 2nd, 6-4 (Groundball, 6, EV 85.6 MPH)
|
| Top of the 7th over - 1 run, 2 hits, 1 error, 3 left on base; Palm Beach 2 - Tijuana 7 |
| BOTTOM OF THE 7TH |
|
Tijuana Toros batting - Pitching for Palm Beach Nationals : RHP Kiyonaga Nakamura
|
|
Batting: LHB Nate Kee
|
0-0: DOUBLE (Line Drive, 89D, EV 110.0 MPH)
|
|
Batting: RHB Pat Adams
|
0-0: Ball 1-0: Fly out, F3 (Popup, 3SF, EV 81.9 MPH)
|
|
Batting: RHB Joe Bower
|
0-0: Reached on error, E8 (Line Drive, 8LD, EV 91.9 MPH) Nate Kee to third
|
|
Batting: RHB David Watkins
|
0-0: Ball 1-0: Foul Ball, location: 2F 1-1: SINGLE (Flyball, 3D, EV 86.9 MPH) Nate Kee scores Joe Bower to second Runner from 2nd tries for 3rd, SAFE, throw by RF made to third
|
|
Batting: SHB Shane Marcum
|
0-0: Called Strike 0-1: Fly out, F7 (Line Drive, 7D, EV 95.0 MPH) Runner from 3rd tags up, OUT at HOME! 7-2
|
| Bottom of the 7th over - 1 run, 2 hits, 1 error, 1 left on base; Palm Beach 2 - Tijuana 8 |
| TOP OF THE 8TH |
|
Palm Beach Nationals batting - Pitching for Tijuana Toros : RHP Balinda Msrah
|
|
Batting: RHB Victor Cintron
|
0-0: Ball 1-0: Ball 2-0: Ground out 4-3 (Groundball, 4MD, EV 101.9 MPH)
|
|
Batting: RHB Lamar Thornton
|
0-0: Ground out 4-3 (Groundball, 34, EV 76.9 MPH)
|
|
Batting: RHB Gabe Almazan
|
0-0: Swinging Strike 0-1: Fly out, F8 (Flyball, 8RS, EV 75.6 MPH)
|
| Top of the 8th over - 0 runs, 0 hits, 0 errors, 0 left on base; Palm Beach 2 - Tijuana 8 |
| BOTTOM OF THE 8TH |
|
Tijuana Toros batting - Pitching for Palm Beach Nationals : RHP Kiyonaga Nakamura
|
|
Batting: RHB Mike Kaczor
|
0-0: Foul Ball, location: 2F 0-1: Ball 1-1: Swinging Strike 1-2: Ball 2-2: Ground out U3 (Groundball, 34S, EV 74.4 MPH)
|
|
Batting: RHB Theo Schepers
|
0-0: Fly out, F9 (Flyball, 9, EV 88.8 MPH)
|
|
Batting: RHB Chad Rojas
|
0-0: Foul Ball, location: 2F 0-1: Called Strike 0-2: Ground out 4-3 (Groundball, 4, EV 93.1 MPH)
|
| Bottom of the 8th over - 0 runs, 0 hits, 0 errors, 0 left on base; Palm Beach 2 - Tijuana 8 |
| TOP OF THE 9TH |
|
Palm Beach Nationals batting - Pitching for Tijuana Toros : RHP Balinda Msrah
|
|
Batting: RHB Chad Madsen
|
0-0: Reached on error, E2 (Groundball, 2R, EV 68.8 MPH)
|
|
Pitching: RHP Alfredo Sanchez
|
|
|
Batting: RHB Antonio Vallez
|
0-0: DOUBLE (Line Drive, 89D, EV 108.8 MPH) Chad Madsen to third
|
|
Batting: RHB Steve Bauman
|
0-0: Ball 1-0: SINGLE (Groundball, 56S, EV 63.1 MPH) (infield hit) Chad Madsen scores Antonio Vallez to third
|
|
Pinch Hitting: LHB Vince McLane
|
0-0: Swinging Strike 0-1: Foul Ball, location: 2F 0-2: Foul Ball, location: 2F 0-2: Strikes out swinging
|
|
Pinch Hitting: SHB Curtis DeLille
|
0-0: Called Strike 0-1: Swinging Strike 0-2: Ball 1-2: SINGLE (Line Drive, 78S, EV 105.6 MPH) Antonio Vallez scores Steve Bauman to second
|
|
Batting: RHB Bobby Bricker
|
0-0: Called Strike 0-1: Called Strike 0-2: Ball 1-2: Strikes out looking
|
|
Batting: RHB Victor Cintron
|
0-0: Ball 1-0: Foul Ball, location: 2F 1-1: Ball 2-1: Ball 3-1: Foul Ball, location: 2F 3-2: Base on Balls Steve Bauman to third Curtis DeLille to second
|
|
Batting: RHB Lamar Thornton
|
0-0: GRAND SLAM HOME RUN (Flyball, 78XD, EV 113.1 MPH), Distance : 430 ft
|
|
Pitching: RHP Seved Landgre
|
|
|
Batting: RHB Gabe Almazan
|
0-0: Ball 1-0: Swinging Strike 1-1: Foul Ball, location: 2F 1-2: Foul Ball, location: 2F 1-2: Ball 2-2: Strikes out swinging
|
| Top of the 9th over - 6 runs, 4 hits, 1 error, 0 left on base; Palm Beach 8 - Tijuana 8 |
| BOTTOM OF THE 9TH |
|
Tijuana Toros batting - Pitching for Palm Beach Nationals : RHP Kiyonaga Nakamura
|
|
Now at C: Mike Hamilton
|
|
|
Now in CF: Steve Kunselman
|
|
|
Batting: LHB Steve Pond
|
0-0: Ball 1-0: Ball 2-0: Called Strike 2-1: Ball 3-1: Base on Balls
|
|
Batting: LHB Nate Kee
|
0-0: Foul Ball, location: 2F 0-1: Ball 1-1: DOUBLE (Line Drive, 78D, EV 113.8 MPH) Steve Pond to third Runner from 3rd tries for Home, SAFE, no throw by CF
|
| Bottom of the 9th over - 1 run, 1 hit, 0 errors, 0 left on base; Palm Beach 8 - Tijuana 9 |
| |
|
Game Over ... Tijuana defeats Palm Beach, 9 to 8
|
|
|